 Dungeon Sprint DCSS version 0.28-a0-1447-ga5a8893891 (webtiles) character file.

Game seed: 16546135560568412189

36989 browni3141 the Shatterer (level 14, 0/129 (130) HPs)
             Began as a Formicid Fighter on Jan 10, 2022.
             Was the Champion of Okawaru.
             Slain by a red draconian (2 damage)
             ... in the Dungeon (Sprint V: "Ziggurat Sprint").
             The game lasted 00:09:58 (1120 turns).

browni3141 the Shatterer (Formicid Fighter)         Turns: 1120, Time: 00:09:58

HP:   0/129 (130)   AC: 38    Str: 37    XL:     14   Next: 26%
MP:   28/32         EV:  9    Int: 10    God:    Okawaru [******]
Gold: 0             SH: 33    Dex:  5    Spells: 13/13 levels left

rFire   . . .      SeeInvis +   B - +6 shillelagh "Devastator" {shatter}
rCold   + . .      Faith    .   E - +18 shield of the Gong {rElec rN+ Will+ EV-5}
rNeg    + . .      Spirit   .   D - +15 Maxwell's patent armour {-Cast -Tele rElec Will+ rCorr}
rPois   .          Reflect  .   (helmet unavailable)
rElec   +          Harm     .   p - +1 cloak of Starlight {*Dazzle EV+4 Stlth--}
rCorr   +          Rampage  .   (no gloves)
Will    +++..      NoCast   +   (no boots)
Stlth   ..........              L - amulet of regeneration
HPRegen 1.11/turn               v - +6 ring of strength
MPRegen 0.23/turn               K - ring "Wulel" {Contam rC+ MP+9 Str+7 Dex-5}

@: heroic, finesse-ful, lightly drained
A: permanent stasis, dig shafts and tunnels, antennae 3, four strong arms
a: Dig, Renounce Religion, Heroism, Finesse


You were in the Dungeon.
You worshipped Okawaru.
Okawaru was exalted by your worship.
You visited 1 branch

Inventory:

Hand Weapons
 a - a +0 flail
 A - the +7 great mace "Firestarter" {inner flame, rF++}
   (You found it in the Dungeon)

   It burns those it strikes, dealing additional fire damage.
   It fills those it strikes with an explosive inner flame.
   It grants immunity to clouds of flame.
   rF:        It greatly protects you from fire.
 B - the +6 shillelagh "Devastator" (weapon) {shatter}
   (You found it in the Dungeon)

   It releases a powerful concussive burst when it strikes, dealing extra damage
   to the target and all other foes adjacent to them.
 C - the +10 dark maul {vorpal}
   (You found it in the Dungeon)

   It inflicts extra damage upon your enemies.
Armour
 b - a +0 scale mail
 c - a +0 buckler
 p - the +1 cloak of Starlight (worn) {*Dazzle EV+4 Stlth--}
   (You found it in the Dungeon)

   It may blind those who miss an attack against the wearer in melee combat.
   EV:        It affects your evasion (+4).
   Stlth:     It makes you much less stealthy.
 D - the +15 Maxwell's patent armour (worn) {-Cast -Tele rElec Will+ rCorr}
   (You found it in the Dungeon)

   rElec:     It insulates you from electricity.
   -Cast:     It prevents spellcasting.
   -Tele:     It prevents most forms of teleportation.
   rCorr:     It protects you from acid and corrosion.
   Will:      It increases your willpower.
 E - the +18 shield of the Gong (worn) {rElec rN+ Will+ EV-5}
   (You found it in the Dungeon)

   It is deafeningly noisy when blocking attacks.
   EV:        It affects your evasion (-5).
   rElec:     It insulates you from electricity.
   rN:        It protects you from negative energy.
   Will:      It increases your willpower.
Jewellery
 q - a ring of flight
 r - a +6 ring of dexterity
 s - a +6 ring of dexterity
 t - a +6 ring of intelligence
 u - a +6 ring of intelligence
 v - a +6 ring of strength (left hand)
 w - a +6 ring of strength
 G - a ring of magical power
 H - the ring of Temuadgh {Fly rCorr Str+4}
   (You found it in the Dungeon)

   [ring of flight]

   Str:       It affects your strength (+4).
   Fly:       It grants you flight.
   rCorr:     It protects you from acid and corrosion.
 I - the ring of the Okapi {rElec rC+ Str-5 Int+5}
   (You found it in the Dungeon)

   [ring of protection from cold]

   Str:       It affects your strength (-5).
   Int:       It affects your intelligence (+5).
   rC:        It protects you from cold.
   rElec:     It insulates you from electricity.
 J - a +4 ring of protection
 K - the ring "Wulel" (right hand) {Contam rC+ MP+9 Str+7 Dex-5}
   (You found it in the Dungeon)

   [ring of magical power]

   Str:       It affects your strength (+7).
   Dex:       It affects your dexterity (-5).
   rC:        It protects you from cold.
   MP:        It affects your magic capacity (+9).
   Contam:    It causes magical contamination when unequipped.
 L - an amulet of regeneration (around neck)
 O - a +6 ring of dexterity
 P - the amulet of Buothiwi {Acrobat rElec rC+}
   (You found it in the Dungeon)

   [amulet of the acrobat]

   It increases your evasion while moving and waiting.
   rC:        It protects you from cold.
   rElec:     It insulates you from electricity.
 Q - a ring of ice
 R - a +4 ring of evasion
 S - an amulet of reflection
 T - a ring of ice
Wands
 x - a wand of mindburst (7)
 y - a wand of iceblast (6)
 z - a wand of acid (7)
Scrolls
 l - 4 scrolls of amnesia
 m - 6 scrolls of fog
 n - a scroll of holy word
 o - 5 scrolls of identify
 F - 8 scrolls of enchant armour
 N - 3 scrolls of brand weapon
Potions
 d - 5 potions of might
 e - 4 potions of curing
 g - 7 potions of magic
 h - 2 potions of brilliance
 i - a potion of invisibility
 j - 3 potions of resistance
Miscellaneous
 k - a tin of tremorstones (2/2)
 M - a condenser vane


   Skills:
 + Level 18.1(23.1) Fighting
 * Level 21.8(26.8) Maces & Flails
 + Level 18.1(23.1) Armour
 + Level 19.6(24.6) Shields
 - Level 12.0 Invocations
 - Level 6.0 Evocations


You had 13 spell levels left.
You didn't know any spells.
Your spell library contained the following spells:

 Spells                   Type           Power      Damage    Failure   Level
 Foxfire                  Conj/Fire      0%         2x1d4     75%         1
 Freeze                   Ice            0%         1d3       75%         1
 Ensorcelled Hibernation  Hex/Ice        0%         N/A       86%         2
 Passwall                 Tmut/Erth      0%         N/A       86%         2
 Poisonous Vapours        Pois/Air       0%         N/A       86%         2
 Sublimation of Blood     Necr           0%         N/A       86%         2
 Wereblood                Tmut           0%         N/A       86%         2
 Frozen Ramparts          Ice            0%         1d2       98%         3
 Gell's Gravitas          Tloc           0%         N/A       98%         3
 Lesser Beckoning         Tloc           0%         N/A       98%         3
 Mephitic Cloud           Conj/Pois/Air  0%         N/A       98%         3
 Ozocubu's Armour         Ice            0%         N/A       98%         3
 Portal Projectile        Hex/Tloc       0%         N/A       98%         3
 Stone Arrow              Conj/Erth      0%         3d7       98%         3
 Teleport Other           Tloc           0%         N/A       98%         3
 Airstrike                Air            0%         N/A       100%        4
 Fulminant Prism          Conj/Hex       0%         3d6       100%        4
 Hailstorm                Conj/Ice       0%         3d3       100%        4
 Iskenderun's Mystic Bla  Conj/Tloc      0%         2d3       100%        4
 Leda's Liquefaction      Hex/Erth       0%         N/A       100%        4
 Olgreb's Toxic Radiance  Pois           0%         N/A       100%        4
 Passage of Golubria      Tloc           0%         N/A       100%        4
 Blade Hands              Tmut           0%         N/A       100%        5
 Lee's Rapid Deconstruct  Erth           0%         3d5*      100%        5
 Lightning Bolt           Conj/Air       0%         1d11      100%        5
 Manifold Assault         Tloc           0%         N/A       100%        5
 Conjure Ball Lightning   Conj/Air       0%         3x3d6     100%        6
 Dispersal                Tloc           0%         N/A       100%        6
 Iron Shot                Conj/Erth      0%         9d1       100%        6
 Starburst                Conj/Fire      0%         6d3       100%        6
 Ozocubu's Refrigeration  Ice            0%         4d5       100%        7
 Necromutation            Tmut/Necr      0%         N/A       100%        8
 Blink                    Tloc           Unusable   N/A       N/A         2
 Call Canine Familiar     Summ           Unusable   N/A       N/A         3
 Swiftness                Air            Unusable   N/A       N/A         3
 Animate Armour           Summ/Erth      Unusable   N/A       N/A         4
 Summon Lightning Spire   Summ/Air       Unusable   N/A       N/A         4
 Summon Hydra             Summ           Unusable   N/A       N/A         7

Dungeon Overview and Level Annotations

Branches:
Dungeon (1/1)

Altars:
Ashenzari
Cheibriados
Dithmenos
Elyvilon
Fedhas
Gozag
Hepliaklqana
Kikubaaqudgha
Makhleb
Nemelex Xobeh
Okawaru
Qazlal
Ru
Sif Muna
Trog
Uskayaw
Vehumet
Wu Jian
Xom
Yredelemnul
Zin
The Shining One
Beogh
Jiyva
Lugonu


Innate Abilities, Weirdness & Mutations

You cannot be hasted, slowed, berserked, paralysed or teleported.
You can dig through walls and to a lower floor.
You have a pair of large antennae on your head. (SInv)
Your four strong arms can wield two-handed weapons with a shield.


Message History

* * * LOW HITPOINT WARNING * * *
The green draconian hits you but does no damage.
The green draconian tail-slaps you but does no damage.
The lindwurm is engulfed in noxious fumes.
The lindwurm appears confused.
The lindwurm bites you but does no damage.
The lindwurm claws you but does no damage.
The lindwurm closely misses you.
The red draconian is engulfed in noxious fumes.
The red draconian hits you but does no damage.
The black draconian is engulfed in noxious fumes.
The black draconian hits you with the +5 scimitar of Giniguxt {drain, rC+ Int+4}!
* * * LOW HITPOINT WARNING * * *
You partially resist.
You feel drained.
* * * LOW HITPOINT WARNING * * *
The white draconian stormcaller mumbles some strange prayers to Qazlal against you.
Qazlal smites you!
* * * LOW HITPOINT WARNING * * *
The komodo dragon is engulfed in noxious fumes.
The red draconian closely misses you.
The yellow draconian hits the green draconian with a +4 quarterstaff of draining!!
The yellow draconian drains the green draconian!
Unknown command.
You feel much better.
You are engulfed in noxious fumes.
* * * LOW HITPOINT WARNING * * *
You feel less confused. You block the green draconian's attack.
PANG!
You block the green draconian's attack.
GONNNNG!
The komodo dragon is engulfed in noxious fumes.
The komodo dragon bites the lindwurm!
The lindwurm dies!
The lindwurm's corpse disappears in a puff of smoke!
The white draconian stormcaller calls down the wrath of Qazlal upon you.
Qazlal smites you!
* * * LOW HITPOINT WARNING * * *
The red draconian hits you from afar with the +3 halberd of Zonassav {vorpal, rF+}!
* * * LOW HITPOINT WARNING * * *
You die... {{ ▓..[:[ {{ ▓.. :[=:)))

▓...)[ ▓.. ........
▓..... ▓............
▓.....
▓.............▓.....
▓.d...d.......▓.....
▓°l.d.........▓..▓..
▓d°▓d......▓..▓)▓▓▓.
▓.▓@▓.....▓.▓ ▓))▓†.
▓kd▓dd.....▓..▓.)[).
▓.q...........▓▓▓▓▓▓
▓......©......▓....8
▓▓▓▓▓▓▓▓▓▓▓▓▓▓▓...)}
▓...})


{{{{{{{{{ ▓..... {{{{{{{{{ ▓..... ▓..... You could see a black draconian, 2
draconians, 2 draconians, a purple draconian, 2 draconians, a white draconian
stormcaller, a komodo dragon (summoned, confused) and a swamp drake (summoned,
catching breath).

Vanquished Creatures
  An iron giant (D)
  An ancient champion (D)
  2 nagarajas (D)
  6 iron dragons (D)
  4 war gargoyles (D)
  A very ugly thing (D)
  A green draconian (D)
  A white draconian (D)
  A black draconian (D)
  A yellow draconian (D)
  A red draconian (D)
  A yaktaur captain (D)
  4 vault guards (D)
  2 anacondas (D)
  5 naga warriors (D)
  A satyr (shapeshifter) (D)
  A crystal echidna (D)
  A death drake (shapeshifter) (D)
  An ironbound convoker (D)
  A mana viper (shapeshifter) (D)
  2 ugly things (D)
  4 draconians (D)
  A manticore (shapeshifter) (D)
  4 guardian serpents (D)
  4 black mambas (D)
  3 naga magi (D)
  A vault sentinel (D)
  A cane toad (shapeshifter) (D)
  A rime drake (D)
  A hellion (D)
  A yaktaur (D)
  2 hornets (D)
  A troll (shapeshifter) (D)
  A hornet (shapeshifter) (D)
  4 spriggans (D)
  A neqoxec (D)
  3 nagas (D)
  3 water moccasins (D)
  5 ice beasts (D)
  2 black bears (D)
  3 necrophages (D)
  A wolf (D)
  2 phantoms (D)
  4 wights (D)
  A crimson imp (D)
  A quasit (D)
  An orc priest (D)
  An iron imp (D)
  2 orc wizards (D)
  4 adders (D)
  2 white imps (D)
  An adder simulacrum (D)
  An orc (D)
  2 bat skeletons (D)
  7 ball pythons (D)
  A ball python skeleton (D)
  2 ball python zombies (D)
  A giant cockroach zombie (D)
  A quokka zombie (D)
120 creatures vanquished.

Notes
Turn   | Place    | Note
-------+----------+-------------------------------------------
     0 | D        | browni3141 the Formicid Fighter began the quest for the
                  | Orb.
     0 | D        | Reached XP level 1. HP: 18/18 MP: 1/1
     0 | D        | Found a shimmering blue altar of Sif Muna.
     0 | D        | Found a sacrificial altar of Ru.
     0 | D        | Found a bloodstained altar of Trog.
     0 | D        | Found a stormy altar of Qazlal.
     0 | D        | Found an iron altar of Okawaru.
     0 | D        | Found a sparkling altar of Nemelex Xobeh.
     0 | D        | Found a blossoming altar of Fedhas.
     0 | D        | Found the +6 Majin-Bo {vamp, MP+6 Int+6}
     0 | D        | Found the +9 heavy crossbow "Sniper" {vorpal, Acc+∞ SInv}
     0 | D        | Found the +10 dark maul {vorpal}
     0 | D        | Found the +15 Maxwell's patent armour {-Cast -Tele rElec
                  | Will+ rCorr}
     0 | D        | Found the +18 shield of the Gong {rElec rN+ Will+ EV-5}
     0 | D        | Found the +14 obsidian axe {vorpal, Mesm Drain Fly SInv}
     0 | D        | Found the +7 great mace "Firestarter" {inner flame, rF++}
     0 | D        | Found the +6 shillelagh "Devastator" {shatter}
     0 | D        | Found the +11 plutonium sword {Contam Stlth-}
     0 | D        | Found the +8 lance "Wyrmbane" {slay drac, rPois rF+ rC+
                  | AC+3}
     0 | D        | Found the +9 sword of Zonguldrok {reap}
     0 | D        | Found the +13 scythe of Curses {drain, Drain}
     0 | D        | Found the +5 sword of Power {vorpal}
     0 | D        | Found the +7 mace of Variability {chain chaos}
     0 | D        | Found the +7 Singing Sword {vorpal, sonic wave}
     0 | D        | Found the +8 storm bow {elec, penet}
     2 | D        | Found a transporter.
     2 | D        | Found an ancient bone altar of Kikubaaqudgha.
     2 | D        | Found a viscous altar of Jiyva.
     2 | D        | Found a corrupted altar of Lugonu.
     2 | D        | Found a hazy altar of Hepliaklqana.
     2 | D        | Found a burning altar of Makhleb.
     2 | D        | Found an opulent altar of Gozag.
    66 | D        | Became a worshipper of Warmaster Okawaru
    74 | D        | Reached skill level 7 in Maces & Flails
    74 | D        | Reached XP level 2. HP: 24/24 MP: 2/2
    76 | D        | Entered arena 2.
    76 | D        | Noticed a naga
    76 | D        | Found a transporter.
    81 | D        | Killed a naga
    81 | D        | Reached * piety under Okawaru
    82 | D        | Reached skill level 8 in Maces & Flails
    82 | D        | Reached skill level 5 in Shields
    82 | D        | Reached XP level 3. HP: 31/31 MP: 2/5
    82 | D        | Reached XP level 4. HP: 38/38 MP: 2/6
    82 | D        | Reached XP level 5. HP: 43/43 MP: 2/7
   132 | D        | Entered arena 3.
   132 | D        | Found a transporter.
   136 | D        | Reached skill level 5 in Fighting
   136 | D        | Reached skill level 5 in Armour
   141 | D        | Reached XP level 6. HP: 51/51 MP: 7/9
   155 | D        | Entered arena 4.
   155 | D        | Found a transporter.
   160 | D        | Reached skill level 9 in Maces & Flails
   160 | D        | Reached skill level 5 in Invocations
   166 | D        | Entered arena 5.
   166 | D        | Found the +2 Maxwell's thermic engine {flame, freeze}
   166 | D        | Noticed a necrophage
   166 | D        | Found a transporter.
   170 | D        | Reached ** piety under Okawaru
   171 | D        | Reached skill level 5 in Evocations
   174 | D        | Killed a necrophage
   175 | D        | Reached XP level 7. HP: 59/59 MP: 9/11
   183 | D        | Entered arena 6.
   183 | D        | Noticed a draconian
   183 | D        | Noticed a draconian
   183 | D        | Noticed a green draconian
   183 | D        | Noticed a draconian
   183 | D        | Noticed a draconian
   183 | D        | Found a transporter.
   190 | D        | Killed a draconian
   190 | D        | Reached *** piety under Okawaru
   190 | D        | Killed a draconian
   190 | D        | Reached **** piety under Okawaru
   191 | D        | Reached skill level 10 in Maces & Flails
   191 | D        | Reached XP level 8. HP: 69/69 MP: 11/14
   193 | D        | Killed a draconian
   194 | D        | Reached skill level 11 in Maces & Flails
   194 | D        | Reached XP level 9. HP: 67/76 MP: 11/15
   194 | D        | Killed a green draconian
   194 | D        | Reached ***** piety under Okawaru
   194 | D        | Received a gift from Okawaru
   195 | D        | Reached skill level 10 in Armour
   195 | D        | Reached skill level 10 in Shields
   195 | D        | Reached skill level 10 in Invocations
   195 | D        | Killed a draconian
   196 | D        | Reached skill level 10 in Fighting
   199 | D        | Got the ring of Temuadgh {Fly rCorr Str+4}
   231 | D        | Entered arena 7.
   232 | D        | Found a transporter.
   238 | D        | Reached XP level 10. HP: 86/86 MP: 18/18
   239 | D        | Reached skill level 12 in Maces & Flails
   249 | D        | Entered arena 8.
   250 | D        | Found a transporter.
   264 | D        | Got the ring of the Okapi {rElec rC+ Str-5 Int+5}
   271 | D        | Entered arena 9.
   271 | D        | Noticed a spriggan rider
   271 | D        | Noticed a spriggan rider
   272 | D        | Found a transporter.
   278 | D        | Identified the +12 plate armour "Nirukhyu" {SInv} (Okawaru
                  | gifted it to you in the Dungeon)
   278 | D        | Received a gift from Okawaru
   290 | D        | Got the Almanac of Warped Transformation
   311 | D        | Entered arena 10.
   311 | D        | Noticed a vault guard
   311 | D        | Noticed a vault sentinel
   311 | D        | Noticed an ironbound convoker
   311 | D        | Noticed a vault guard
   311 | D        | Noticed a vault guard
   311 | D        | Noticed a yaktaur
   311 | D        | Noticed a yaktaur captain
   311 | D        | Noticed a vault guard
   323 | D        | Killed a yaktaur
   323 | D        | Killed an ironbound convoker
   324 | D        | Reached skill level 13 in Maces & Flails
   324 | D        | Found a transporter.
   325 | D        | Killed a vault guard
   325 | D        | Killed a yaktaur captain
   326 | D        | Reached skill level 14 in Maces & Flails
   326 | D        | Reached XP level 11. HP: 85/95 MP: 18/20
   327 | D        | Killed a vault guard
   329 | D        | Killed a vault guard
   329 | D        | Reached ****** piety under Okawaru
   334 | D        | Killed a vault guard
   335 | D        | Reached skill level 15 in Maces & Flails
   343 | D        | Got the ring "Wulel" {Contam rC+ MP+9 Str+7 Dex-5}
   404 | D        | Entered arena 11.
   405 | D        | Found a transporter.
   412 | D        | Received a gift from Okawaru
   433 | D        | Entered arena 12.
   433 | D        | Noticed a naga warrior
   433 | D        | Noticed an anaconda
   434 | D        | Noticed a naga warrior
   434 | D        | Noticed an anaconda
   437 | D        | Killed an anaconda
   440 | D        | Found a transporter.
   442 | D        | Identified the +6 demon whip "Oju Xaugan" {elec, *Noise
                  | Str+3 Int+4} (Okawaru gifted it to you in the Dungeon)
   442 | D        | Received a gift from Okawaru
   443 | D        | Killed an anaconda
   454 | D        | Killed a naga warrior
   454 | D        | Killed a naga warrior
   455 | D        | Reached skill level 16 in Maces & Flails
   455 | D        | Reached skill level 15 in Shields
   455 | D        | Reached XP level 12. HP: 104/107 MP: 21/21
   462 | D        | Got Doiff's Reference Book on Envenoming
   465 | D        | Got Sif Muna's Catalogue of Confrontation
   467 | D        | Entered arena 13.
   467 | D        | Noticed a shock serpent
   467 | D        | Noticed a death drake
   467 | D        | Noticed a purple very ugly thing
   469 | D        | a shock serpent changed into a mana viper
   474 | D        | Reached skill level 17 in Maces & Flails
   474 | D        | Killed a death drake
   475 | D        | Noticed a six-headed hydra
   475 | D        | a merfolk changed into a six-headed hydra
   476 | D        | Found a transporter.
   484 | D        | Killed a purple very ugly thing
   485 | D        | Reached skill level 15 in Armour
   485 | D        | Noticed a great orb of eyes
   485 | D        | a six-headed hydra changed into a great orb of eyes
   486 | D        | Noticed a satyr
   486 | D        | a great orb of eyes changed into a satyr
   491 | D        | Killed a satyr
   492 | D        | Reached skill level 15 in Fighting
   514 | D        | Got the amulet of Buothiwi {Acrobat rElec rC+}
   565 | D        | Entered arena 14.
   566 | D        | Noticed a naga warrior
   579 | D        | Reached skill level 18 in Maces & Flails
   596 | D        | Killed a naga warrior
   599 | D        | Found a transporter.
   679 | D        | Entered arena 15.
   680 | D        | Noticed a nagaraja
   680 | D        | Noticed a nagaraja
   681 | D        | Noticed a naga warrior
   681 | D        | Noticed a naga warrior
   681 | D        | Found the +1 cloak of Starlight {*Dazzle EV+4 Stlth--}
   682 | D        | Found a transporter.
   686 | D        | Identified the +1 hunting sling "Qaad" {vorpal, rF++}
                  | (Okawaru gifted it to you in the Dungeon)
   686 | D        | Received a gift from Okawaru
   687 | D        | Reached XP level 13. HP: 80/116 MP: 22/22
   688 | D        | Killed a nagaraja
   700 | D        | HP: 3/117 [constriction (4)]
   712 | D        | Killed a naga warrior
   713 | D        | Reached skill level 19 in Maces & Flails
   714 | D        | Killed a nagaraja
   719 | D        | Killed a naga warrior
   818 | D        | Entered arena 16.
   820 | D        | Noticed an iron dragon
   820 | D        | Noticed a war gargoyle
   820 | D        | Noticed an ancient champion
   820 | D        | Noticed an iron dragon
   820 | D        | Noticed an iron dragon
   820 | D        | Noticed a war gargoyle
   820 | D        | Noticed a war gargoyle
   820 | D        | Noticed an iron dragon
   820 | D        | Noticed a war gargoyle
   824 | D        | Noticed an iron dragon
   830 | D        | Killed a war gargoyle
   830 | D        | Received a gift from Okawaru
   830 | D        | Killed a war gargoyle
   833 | D        | Noticed an iron giant
   842 | D        | Killed a war gargoyle
   848 | D        | Reached skill level 20 in Maces & Flails
   855 | D        | Killed an iron dragon
   855 | D        | Killed a war gargoyle
   857 | D        | Killed an iron dragon
   857 | D        | Identified the +0 chain mail "Upedi" {Will+ rCorr Str+3}
                  | (Okawaru gifted it to you in the Dungeon)
   857 | D        | Received a gift from Okawaru
   863 | D        | Noticed an iron dragon
   880 | D        | Killed an iron giant
   881 | D        | Killed an ancient champion
   882 | D        | Killed an iron dragon
   883 | D        | Reached skill level 21 in Maces & Flails
   883 | D        | Reached XP level 14. HP: 44/128 MP: 23/23
   883 | D        | Killed an iron dragon
   885 | D        | Killed an iron dragon
   887 | D        | Killed an iron dragon
   896 | D        | Found a transporter.
  1083 | D        | Entered arena 17.
  1089 | D        | Noticed a white draconian stormcaller
  1089 | D        | Noticed a white draconian
  1089 | D        | Noticed a red draconian
  1089 | D        | Noticed a black draconian
  1089 | D        | Noticed a green draconian
  1089 | D        | Noticed a yellow draconian
  1089 | D        | Noticed a red draconian
  1089 | D        | Noticed a yellow draconian
  1089 | D        | Noticed a black draconian
  1089 | D        | Noticed a black draconian
  1092 | D        | Identified the +3 halberd of Zonassav {vorpal, rF+}
  1092 | D        | Noticed a red draconian
  1093 | D        | Noticed a green draconian
  1093 | D        | Noticed a yellow draconian
  1095 | D        | Noticed a purple draconian
  1097 | D        | Identified the +5 scimitar of Giniguxt {drain, rC+ Int+4}
  1097 | D        | Noticed a black draconian
  1099 | D        | Killed a red draconian
  1103 | D        | Killed a yellow draconian
  1104 | D        | Killed a black draconian
  1109 | D        | Killed a white draconian
  1120 | D        | HP: 2/129 [red draconian (15)]
  1120 | D        | Slain by a red draconian

Illustrated notes

Levels and vault maps discovered:
D:        sprint_v [room_start, room_1, room_2, room_3, room_4, room_5, room_6,
          room_7, room_8, room_9, room_10, room_11, room_12, room_13, room_14,
          room_15, room_16, room_17, room_18, room_19, room_20, room_21,
          room_22, room_23, room_24, room_25, room_26, room_27]

Skill      XL: |  1  2  3  4  5  6  7  8  9 10 11 12 13 14 |
---------------+-------------------------------------------+-----
Maces & Flails | 7 8 9 10 11 14 16 18 21 | 21.8
Fighting       | 4 5 6 8 9 10 12 14 15 17 18 | 18.1
Armour         | 4 5 6 8 9 10 12 14 15 17 18 | 18.1
Shields        | 5 6 7 9 11 13 15 16 18 19 | 19.6
Invocations    | 3 4 5 8 9 10 12 | 12.0
Evocations     | 3 4 5 6 |  6.0

Action                   |  1- 3 |  4- 6 |  7- 9 | 10-12 | 13-15 || total
-------------------------+-------+-------+-------+-------+-------++-------
Melee: Shillelagh        |     4 |    12 |    17 |   112 |    57 ||   202
       Great mace        |       |       |       |       |    19 ||    19
       Maul              |       |       |       |       |     8 ||     8
Invok: Heroism           |       |       |       |     3 |     2 ||     5
       Finesse           |       |       |       |     1 |     3 ||     4
Evoke: Wand              |       |       |       |     1 |       ||     1
       Tin of tremorston |       |       |       |     1 |       ||     1
  Use: Potion            |     1 |       |     1 |     3 |    19 ||    24
       Scroll            |       |       |       |     2 |     1 ||     3
 Stab: Invisible         |       |       |     3 |       |       ||     3
Armor: Plate armour      |       |     6 |     5 |    38 |    82 ||   131
Dodge: Dodged            |       |     1 |     1 |     4 |    21 ||    27
Block: Kite shield       |     5 |    11 |    16 |   138 |   167 ||   337

Table legend: (Time is in decaauts)
 A = Elapsed time spent in this place.
 B = Non-inter-level travel time spent in this place.
 C = Inter-level travel time spent in this place.
 D = Time resting spent in this place.
 E = Time spent auto-exploring this place.
 F = Levels seen in this place.
 G = Mean time per level.
                   A        B        C        D        E       F      G
               +--------+--------+--------+--------+--------+-----+--------+
         Total |   1013 |   1007 |      6 |    458 |     35 |   1 | 1013.0 |
       Dungeon |   1013 |   1007 |      6 |    458 |     35 |   1 | 1013.0 |
               +--------+--------+--------+--------+--------+-----+--------+

Top non-repeatable levels by time:
       D: 1013 daAuts
